cohdb
Replays
Latest Replays
All Replays
Popular Replays
Top Player Replays
Match Explorer
How It Works
Community
CoH3 Stats
Reddit
Sign in to upload your games and track your stats! →
Sign in with Steam
3 KT in one epic match vs 11 crusaders
Match 41771042
Overview
Messages
Build Orders
End
Pioneer Squad
Construct Infanterie Kompanie
Selects Breakthrough Battlegroup
Grenadier Squad
Grenadier Squad
Grenadier Squad
Construct Luftwaffe Kompanie
Selects Rapid Production
221 Scout Car
Flak 30 Anti-aircraft Gun Team
Selects Assault Grenadiers
Selects Smoke Bombing Run
Jäger Squad
MG 42 Machine Gun Team
Pioneer Squad
Jäger Squad
Construct Panzer Kompanie
Selects Blitzkrieg
Panzer IV Medium Tank
Selects Incendiary Bombing Run
Panzer IV Medium Tank
Pioneer Squad
Incendiary Bombing Run
Selects Panzer IV Command Tank Sd.Kfz. 161/1
Panzer IV Command Tank
Incendiary Bombing Run
Side Skirts
Smoke Bombing Run
Smoke Bombing Run
Blitzkrieg
Incendiary Bombing Run
Panzer IV Medium Tank
Panzer IV Command Tank
Incendiary Bombing Run
Blitzkrieg
Smoke Bombing Run
Panzer IV Medium Tank
Jäger Squad
Panzer IV Medium Tank
Panzer IV Command Tank
Incendiary Bombing Run
Smoke Bombing Run
Panzer IV Medium Tank
Jäger Squad
Panzer IV Medium Tank
Jäger Squad
Smoke Bombing Run
Incendiary Bombing Run
Panzer IV Medium Tank
Blitzkrieg
Panzer IV Medium Tank
Smoke Bombing Run
Incendiary Bombing Run
Angrybirds
Reakly
RtN.momo4sho
Havoc
0
0
Comments
sign in to comment!
No comments posted yet!